 Dungeon Crawl Stone Soup version 0.29.0-4-gdea44cf6ec (webtiles) character file.

Game seed: 4249278505341173202

19932 qw the Brawler (level 12, 0/114 HPs)
             Began as a Troll Cinder Acolyte on Aug 31, 2022.
             Was an Initiate of Okawaru.
             Slain by a death yak (3 damage)
             ... on level 2 of the Lair of Beasts.
             The game lasted 00:07:09 (12431 turns).

qw the Brawler (Troll Cinder Acolyte)              Turns: 12431, Time: 00:07:09

Health: 0/114      AC:  7    Str: 29    XL:     12   Next: 40%
Magic:  12/12      EV:  8    Int: 10    God:    Okawaru [......]
Gold:   515        SH:  9    Dex:  5    Spells: 13/13 levels left

rFire   . . .      SeeInvis +     - Unarmed
rCold   . . .      Faith    .   o - +0 kite shield
rNeg    . . .      Spirit   .   a - +0 robe
rPois   +          Reflect  .   c - +0 hat "Ujuvie" {rPois rCorr Stlth+}
rElec   .          Harm     .   b - +2 cloak
rCorr   +          Rampage  .   (gloves unavailable)
Will    .....                   (boots unavailable)
Stlth   ++........              (no amulet)
HPRegen 1.09/turn               q - ring of protection from fire
MPRegen 0.13/turn               n - ring of see invisible

@: about to teleport, fire susceptible
A: large, unfitting armour, claws 3, regeneration 1, shaggy fur 1, tough skin 1
a: Renounce Religion


You were on level 2 of the Lair of Beasts.
You worshipped Okawaru.
Okawaru was noncommittal.
You visited 3 branches of the dungeon, and saw 13 of its levels.

You collected 845 gold pieces.
You spent 330 gold pieces at shops.


Innate Abilities, Weirdness & Mutations

You are too large for most types of armour.
You have claws for hands.
Your natural rate of healing is unusually fast.
You are covered in fur. (AC +1)
You have tough skin. (AC +1)


   Skills:
 - Level 6.1 Fighting
 - Level 3.8 Throwing
 - Level 1.4 Armour
 - Level 1.2 Dodging
 + Level 10.9 Shields
 - Level 15.0 Unarmed Combat
 - Level 1.0 Spellcasting
 - Level 2.1 Fire Magic


You had 13 spell levels left.
You didn't know any spells.
Your spell library contained the following spells:

 Spells                   Type           Power      Damage    Failure   Level
 Scorch                   Fire           8%         2d5       36%         2

Inventory:

Armour
 a - a +0 robe (worn)
 b - a +2 cloak (worn)
 c - the +0 hat "Ujuvie" (worn) {rPois rCorr Stlth+}
   (You acquired it on level 1 of the Dungeon)

   rPois:     It protects you from poison.
   rCorr:     It protects you from acid and corrosion.
   Stlth:     It makes you more stealthy.
 o - a +0 kite shield (worn)
Jewellery
 f - a ring of positive energy
 n - a ring of see invisible (right claw)
 p - a ring of resist corrosion
 q - a ring of protection from fire (left claw)
 t - a ring of ice
Scrolls
 m - a scroll of identify
 r - a scroll of enchant armour
Potions
 d - a potion of mutation
 e - 2 potions of resistance
 g - 2 potions of heal wounds
 h - 5 potions of curing
 i - 2 potions of might
 k - a potion of haste

Dungeon Overview and Level Annotations

Branches:
Dungeon (9/15)             Temple (1/1) D:4            Lair (3/5) D:9
 Shoals (0/4) Lair:2        Snake (0/4) Lair:2
    Orc: D:9-12

Altars:
Cheibriados
Dithmenos
Fedhas
Gozag
Makhleb
Nemelex Xobeh
Okawaru
Qazlal
Ru
Sif Muna
Vehumet
Wu Jian
Xom
Yredelemnul
The Shining One

Shops:
D:1 (   D:3 *   D:7 ??*!

Portals:
Abyss: D:9

Annotations:
D:5 2 transporters, qw's ghost, novice TrCA
D:8 3 runed translucent doors, qw's ghost, novice TrCA
D:9 2 transporters, qw's ghost, novice TrCA
Lair:2 2 transporters, qw's ghost, journeyman TeWr


Message History

Enter note:
Enter note:
Enter note:
Enter note:
Enter note:
Enter note:
Enter note:
12420 ||| Stepping ~*~*~tactically~*~*~ (outnumbered).
The death yak attacks as you move away! You block the death yak's attack.
12421 ||| Stepping ~*~*~tactically~*~*~ (outnumbered).
12422 ||| Stepping ~*~*~tactically~*~*~ (outnumbered).
The death yak attacks as you move away! The death yak gores you!
12423 ||| Stepping ~*~*~tactically~*~*~ (outnumbered).
The death yak attacks as you move away! The death yak gores you!
12424 ||| Stepping ~*~*~tactically~*~*~ (outnumbered).
The death yak attacks as you move away! You block the death yak's attack.
The death yak attacks as you move away!
The death yak gores you but does no damage.
You claw the death yak!
The death yak is moderately wounded.
You scratch the death yak.
The death yak is moderately wounded.
The death yak gores you!! The death yak gores you.
You mangle the death yak!!
The death yak is heavily wounded.
You block the death yak's attack. x2
You mangle the death yak!!
The death yak is severely wounded.
The death yak closely misses you. You block the death yak's attack.
You scratch the death yak.
The death yak is almost dead.
The death yak gores you! The death yak gores you!!
You barely miss the death yak.
The death yak is almost dead.
You block the death yak's attack. The death yak gores you!!
12431 ||| READING scroll of teleportation.
As you read the scroll of teleportation, it crumbles to dust.
You feel strangely unstable. The death yak gores you! The death yak gores you.
You die...

##.........##....##...7777
##.........##...~~P~~P~~777
.........#.##P..~P~~~P~~~~777
#.....#....##....~P~~~~~~~PP77
...#...<...##...~~PP~~~~~~~~~7
...#........##....~P~~~~~~~~~7
..##....PP...#....P~~~~~~~~~~7
....#....#P.#....P~~P~~~~~~~~7
........##..##.Y@~P~~~~~~~~P77
...............Y.~~~~P~~~~~77
................~~~~~~P~~~~7
................~~~~~~~P~~77
.####.#..........#....77777
.7P~###....>.....#....7
.PP.P#.......#...#....#
.77P.#......P#...#....#
..7~~##)....##.#......#


You could see 2 death yaks.

Vanquished Creatures
  3 hydras
  A boulder beetle (Lair:1)
  Erica (D:8)
  Pikel (D:7)
  6 elephants (Lair:2)
  7 cane toads
  3 black mambas
  Joseph (D:7)
  4 komodo dragons
  A rime drake (Lair:3)
  10 blink frogs
  4 dream sheep (Lair:3)
  11 yaks
  3 wyverns
  A basilisk (Lair:1)
  4 nagas (Lair:2)
  3 water moccasins
  4 orc warriors
  A sky beast (D:6)
  3 black bears
  3 ogres
  An ice beast (D:8)
  A centaur (D:5)
  5 wolves (Lair:1)
  A phantom (D:4)
  4 lemures (D:7)
  4 kobold brigands
  9 bullfrogs
  3 necrophages
  2 scorpions (D:7)
  12 wights
  An electric eel (Lair:2)
  3 howler monkeys
  2 jellies
  5 hounds
  3 orc priests
  2 gnoll boudas
  2 iguanas
  10 orc wizards
  Ijyb (D:2)
  2 killer bee zombies (D:8)
  8 gnolls
  A river rat (D:5)
  4 adders
  A shadow imp (D:8)
  A white imp (D:5)
  2 ufetubi (D:6)
  A worm (D:2)
  3 dart slugs
  35 orcs
  4 bats
  2 endoplasms
  3 giant cockroaches
  7 hobgoblins
  3 jackals (D:2)
  4 quokkas
  7 ball pythons
  3 frilled lizards
  12 goblins
  24 kobolds
  9 rats
282 creatures vanquished.

Vanquished Creatures (others)
  6 fungi
  8 plants
14 creatures vanquished.

Grand Total: 296 creatures vanquished

Notes
Turn   | Place    | Note
-------+----------+-------------------------------------------
     0 | D:1      | qw the Troll Cinder Acolyte began the quest for the Orb.
     0 | D:1      | Reached XP level 1. HP: 22/22 MP: 1/1
     0 | D:1      | 0 ||| qw: Version: 0.1-a-97-g2dd2ca4
     0 | D:1      | 0 ||| qw: Game counter: 4494
     0 | D:1      | 0 ||| qw: Always use a shield: true
     0 | D:1      | 0 ||| qw: God list: Okawaru
     0 | D:1      | 0 ||| qw: Allow faded altars: false
     0 | D:1      | 0 ||| qw: Do Orc after D:15 true
     0 | D:1      | 0 ||| qw: Do second Lair branch before Depths: true
     0 | D:1      | 0 ||| qw: Lair rune preference: random
     0 | D:1      | 0 ||| qw: Plans: Normal
     0 | D:1      | 0 ||| PLANNING D:1-11
   396 | D:1      | Reached XP level 2. HP: 29/29 MP: 2/2
   431 | D:1      | Found Ubangot's Weapon Emporium.
   636 | D:1      | 636 ||| UPGRADING to +0 cloak.
   641 | D:1      | 641 ||| READING scroll labelled MUHORH JOYRA.
   641 | D:1      | Identified a scroll of acquirement
   641 | D:1      | 641 ||| ACQUIRING +0 hat "Ujuvie" {rPois rCorr Stlth+}
   641 | D:1      | Acquired the +0 hat "Ujuvie" {rPois rCorr Stlth+}
   643 | D:1      | 643 ||| UPGRADING to +0 hat "Ujuvie" {rPois rCorr Stlth+}.
   648 | D:1      | 648 ||| READING scroll labelled WARUCR PONYDOCLE.
   649 | D:1      | 649 ||| READING scroll labelled SACOMOGADI.
   650 | D:1      | 650 ||| READING scroll labelled POJUUBEMPU.
   664 | D:1      | 664 ||| DRINKING 2 fuming black potions.
   734 | D:2      | 734 ||| Stepping ~*~*~tactically~*~*~ (outnumbered).
   735 | D:2      | 735 ||| Stepping ~*~*~tactically~*~*~ (outnumbered).
   762 | D:2      | 762 ||| Stepping ~*~*~tactically~*~*~ (stealth).
   858 | D:2      | Reached skill level 4 in Unarmed Combat
   906 | D:2      | 906 ||| Stepping ~*~*~tactically~*~*~ (hiding).
  1008 | D:2      | 1008 ||| Stepping ~*~*~tactically~*~*~ (hiding).
  1049 | D:2      | 1049 ||| Stepping ~*~*~tactically~*~*~ (stealth).
  1050 | D:2      | 1050 ||| Stepping ~*~*~tactically~*~*~ (hiding).
  1051 | D:2      | 1051 ||| Stepping ~*~*~tactically~*~*~ (stealth).
  1052 | D:2      | 1052 ||| Stepping ~*~*~tactically~*~*~ (hiding).
  1160 | D:2      | 1160 ||| Stepping ~*~*~tactically~*~*~ (hiding).
  1262 | D:2      | 1262 ||| Stepping ~*~*~tactically~*~*~ (hiding).
  1364 | D:2      | 1364 ||| Stepping ~*~*~tactically~*~*~ (hiding).
  1466 | D:2      | 1466 ||| Stepping ~*~*~tactically~*~*~ (hiding).
  1467 | D:2      | 1467 ||| Stepping ~*~*~tactically~*~*~ (hiding).
  1535 | D:2      | Reached XP level 3. HP: 29/36 MP: 3/3
  1592 | D:2      | Found a sparkling altar of Nemelex Xobeh.
  1640 | D:2      | 1640 ||| Stepping ~*~*~tactically~*~*~ (stealth).
  1668 | D:2      | Reached XP level 4. HP: 44/44 MP: 4/4
  1713 | D:2      | Noticed Ijyb
  1714 | D:2      | 1714 ||| INVOKING Fiery Armour.
  1716 | D:2      | 1716 ||| Stepping ~*~*~tactically~*~*~ (hiding).
  1718 | D:2      | Reached skill level 5 in Unarmed Combat
  1723 | D:2      | 1723 ||| Stepping ~*~*~tactically~*~*~ (outnumbered).
  1732 | D:2      | Killed Ijyb
  2141 | D:2      | 2141 ||| UPGRADING to ring of positive energy.
  2142 | D:2      | 2142 ||| UPGRADING to ring of see invisible.
  2143 | D:2      | 2143 ||| READING 2 scrolls labelled EPPAF ROPERU.
  2144 | D:2      | 2144 ||| READING 2 scrolls labelled AFUTUO UCSIRGH.
  2149 | D:2      | 2149 ||| READING scroll labelled VOFYWA GUOCU.
  2150 | D:2      | 2150 ||| DRINKING 2 white potions.
  2151 | D:2      | 2151 ||| DRINKING 2 fizzy grey potions.
  2152 | D:2      | 2152 ||| DRINKING 2 puce potions.
  2153 | D:2      | 2153 ||| DROPPING scroll of blinking.
  2154 | D:2      | 2154 ||| DROPPING potion of brilliance.
  2499 | D:1      | 2499 ||| READING scroll of teleportation.
  2562 | D:3      | Found an ornate altar of the Wu Jian Council.
  2645 | D:3      | Found a glowing golden altar of the Shining One.
  2902 | D:3      | 2902 ||| Stepping ~*~*~tactically~*~*~ (stealth).
  2903 | D:3      | 2903 ||| Stepping ~*~*~tactically~*~*~ (stealth).
  2904 | D:3      | 2904 ||| READING scroll of enchant armour.
  2904 | D:3      | 2904 ||| ENCHANTING +0 cloak.
  2937 | D:3      | Found Meyr's Assorted Antiques.
  2945 | D:3      | 2945 ||| BUYING lumpy dark potion (15 gold).
  2945 | D:3      | Bought a lumpy dark potion for 15 gold pieces
  2945 | D:3      | 2945 ||| BUYING scroll labelled IFOEDI FUIGONG (17 gold).
  2945 | D:3      | Bought a scroll labelled IFOEDI FUIGONG for 17 gold pieces
  2945 | D:3      | 2945 ||| BUYING scroll labelled UNAC DOECZU (17 gold).
  2945 | D:3      | Bought a scroll labelled UNAC DOECZU for 17 gold pieces
  2945 | D:3      | 2945 ||| BUYING viscous puce potion (15 gold).
  2945 | D:3      | Bought a viscous puce potion for 15 gold pieces
  3151 | D:3      | 3151 ||| Stepping ~*~*~tactically~*~*~ (stealth).
  3224 | D:3      | 3224 ||| READING scroll labelled IFOEDI FUIGONG.
  3225 | D:3      | 3225 ||| READING scroll labelled UNAC DOECZU.
  3272 | D:4      | Found a radiant altar of Vehumet.
  3324 | D:4      | 3324 ||| Stepping ~*~*~tactically~*~*~ (stealth).
  3324 | D:4      | Found a staircase to the Ecumenical Temple.
  3325 | D:4      | 3325 ||| Stepping ~*~*~tactically~*~*~ (stealth).
  3328 | D:4      | 3328 ||| Stepping ~*~*~tactically~*~*~ (stealth).
  3366 | D:4      | 3366 ||| Stepping ~*~*~tactically~*~*~ (stealth).
  3368 | D:4      | 3368 ||| Stepping ~*~*~tactically~*~*~ (stealth).
  3370 | D:4      | 3370 ||| Stepping ~*~*~tactically~*~*~ (stealth).
  3372 | D:4      | 3372 ||| Stepping ~*~*~tactically~*~*~ (stealth).
  3374 | D:4      | 3374 ||| Stepping ~*~*~tactically~*~*~ (stealth).
  3376 | D:4      | 3376 ||| Stepping ~*~*~tactically~*~*~ (stealth).
  3378 | D:4      | 3378 ||| Stepping ~*~*~tactically~*~*~ (stealth).
  3380 | D:4      | 3380 ||| Stepping ~*~*~tactically~*~*~ (stealth).
  3396 | D:4      | 3396 ||| Stepping ~*~*~tactically~*~*~ (stealth).
  3403 | D:4      | Reached XP level 5. HP: 46/50 MP: 5/5
  3630 | D:4      | Reached skill level 6 in Unarmed Combat
  3919 | D:4      | 3919 ||| Stepping ~*~*~tactically~*~*~ (stealth).
  3920 | D:4      | 3920 ||| Stepping ~*~*~tactically~*~*~ (stealth).
  4058 | D:4      | Noticed a phantom
  4059 | D:4      | 4059 ||| Stepping ~*~*~tactically~*~*~ (stealth).
  4061 | D:4      | 4061 ||| Stepping ~*~*~tactically~*~*~ (stealth).
  4063 | D:4      | 4063 ||| Stepping ~*~*~tactically~*~*~ (stealth).
  4074 | D:4      | Killed a phantom
  4075 | D:4      | Reached XP level 6. HP: 56/59 MP: 6/6
  4157 | D:4      | 4157 ||| Stepping ~*~*~tactically~*~*~ (hiding).
  4259 | D:4      | 4259 ||| Stepping ~*~*~tactically~*~*~ (hiding).
  4361 | D:4      | 4361 ||| Stepping ~*~*~tactically~*~*~ (hiding).
  4373 | D:4      | 4373 ||| FLEEEEING.
  4374 | D:4      | 4374 ||| FLEEEEING.
  4375 | D:4      | 4375 ||| FLEEEEING.
  4376 | D:4      | 4376 ||| FLEEEEING.
  4377 | D:4      | 4377 ||| FLEEEEING.
  4378 | D:4      | 4378 ||| FLEEEEING.
  4379 | D:4      | 4379 ||| FLEEEEING.
  4382 | D:4      | 4382 ||| STAIRDANCE
  4391 | D:3      | 4391 ||| UPGRADING to +0 kite shield.
  4396 | D:3      | 4396 ||| DRINKING 2 bubbling puce potions.
  4501 | D:3      | 4501 ||| DRINKING 2 bubbling silvery potions.
  4502 | D:3      | 4502 ||| READING 2 scrolls of identify.
  4502 | D:3      | 4502 ||| IDENTIFYING amethyst potion
  4503 | D:3      | 4503 ||| DROPPING potion of berserk rage.
  4504 | D:3      | 4504 ||| DROPPING potion of flight.
  4543 | D:5      | Entered Level 5 of the Dungeon
  4544 | D:5      | 4544 ||| PLANNING SEWER
  4549 | D:5      | 4549 ||| Stepping ~*~*~tactically~*~*~ (stealth).
  4551 | D:5      | 4551 ||| Stepping ~*~*~tactically~*~*~ (stealth).
  4563 | D:5      | 4563 ||| Stepping ~*~*~tactically~*~*~ (stealth).
  4565 | D:5      | 4565 ||| Stepping ~*~*~tactically~*~*~ (stealth).
  4569 | D:5      | Reached skill level 1 in Shields
  4573 | D:5      | 4573 ||| Stepping ~*~*~tactically~*~*~ (hiding).
  4578 | D:5      | 4578 ||| Stepping ~*~*~tactically~*~*~ (outnumbered).
  4579 | D:5      | 4579 ||| Stepping ~*~*~tactically~*~*~ (outnumbered).
  4580 | D:5      | 4580 ||| Stepping ~*~*~tactically~*~*~ (hiding).
  4581 | D:5      | 4581 ||| Stepping ~*~*~tactically~*~*~ (outnumbered).
  4584 | D:5      | 4584 ||| Stepping ~*~*~tactically~*~*~ (outnumbered).
  4590 | D:5      | Reached skill level 3 in Shields
  4590 | D:5      | 4590 ||| Stepping ~*~*~tactically~*~*~ (outnumbered).
  4591 | D:5      | 4591 ||| STAIRDANCE
  4605 | D:4      | 4605 ||| READING scroll labelled JYWUT KONU.
  4632 | D:5      | Noticed qw's ghost (novice TrCA)
  4637 | D:5      | Found a transporter.
  4645 | D:5      | Found a transporter.
  4676 | D:5      | Reached XP level 7. HP: 65/66 MP: 7/7
  4713 | D:5      | 4713 ||| Stepping ~*~*~tactically~*~*~ (stealth).
  4714 | D:5      | 4714 ||| Stepping ~*~*~tactically~*~*~ (stealth).
  4715 | D:5      | 4715 ||| Stepping ~*~*~tactically~*~*~ (stealth).
  4735 | D:5      | 4735 ||| Stepping ~*~*~tactically~*~*~ (stealth).
  4736 | D:5      | 4736 ||| Stepping ~*~*~tactically~*~*~ (stealth).
  4738 | D:5      | 4738 ||| Stepping ~*~*~tactically~*~*~ (stealth).
  4740 | D:5      | 4740 ||| Stepping ~*~*~tactically~*~*~ (stealth).
  4760 | D:5      | 4760 ||| Stepping ~*~*~tactically~*~*~ (stealth).
  4762 | D:5      | 4762 ||| Stepping ~*~*~tactically~*~*~ (stealth).
  4768 | D:5      | 4768 ||| Stepping ~*~*~tactically~*~*~ (outnumbered).
  4862 | D:5      | 4862 ||| Stepping ~*~*~tactically~*~*~ (stealth).
  4864 | D:5      | 4864 ||| Stepping ~*~*~tactically~*~*~ (stealth).
  4866 | D:5      | 4866 ||| Stepping ~*~*~tactically~*~*~ (stealth).
  4868 | D:5      | 4868 ||| Stepping ~*~*~tactically~*~*~ (stealth).
  4870 | D:5      | 4870 ||| Stepping ~*~*~tactically~*~*~ (stealth).
  4872 | D:5      | 4872 ||| Stepping ~*~*~tactically~*~*~ (stealth).
  4875 | D:5      | 4875 ||| Stepping ~*~*~tactically~*~*~ (stealth).
  4876 | D:5      | 4876 ||| Stepping ~*~*~tactically~*~*~ (stealth).
  4878 | D:5      | 4878 ||| Stepping ~*~*~tactically~*~*~ (stealth).
  4885 | D:5      | 4885 ||| Stepping ~*~*~tactically~*~*~ (stealth).
  4903 | D:5      | 4903 ||| Stepping ~*~*~tactically~*~*~ (stealth).
  4905 | D:5      | 4905 ||| Stepping ~*~*~tactically~*~*~ (stealth).
  5082 | D:5      | Reached skill level 7 in Unarmed Combat
  5174 | D:5      | Found a glowing drain.
  5182 | D:5      | 5182 ||| READING scroll labelled PIPEIKH EGEESHYBBA.
  5183 | D:5      | 5183 ||| READING scroll labelled YPODACH ZOSEU.
  5459 | D:5      | 5459 ||| RIP SEWER
  5459 | D:5      | 5459 ||| PLANNING D:1-11
  5580 | D:6      | 5580 ||| Stepping ~*~*~tactically~*~*~ (stealth).
  5583 | D:6      | 5583 ||| Stepping ~*~*~tactically~*~*~ (stealth).
  5637 | D:6      | 5637 ||| Stepping ~*~*~tactically~*~*~ (stealth).
  5649 | D:6      | Reached skill level 6 in Shields
  5649 | D:6      | Reached XP level 8. HP: 70/74 MP: 8/8
  5676 | D:6      | 5676 ||| Stepping ~*~*~tactically~*~*~ (stealth).
  5755 | D:6      | Found a burning altar of Makhleb.
  5975 | D:6      | Found an opulent altar of Gozag.
  5992 | D:6      | 5992 ||| Stepping ~*~*~tactically~*~*~ (outnumbered).
  5993 | D:6      | 5993 ||| Stepping ~*~*~tactically~*~*~ (outnumbered).
  5994 | D:6      | 5994 ||| Stepping ~*~*~tactically~*~*~ (outnumbered).
  5997 | D:6      | Reached skill level 8 in Unarmed Combat
  6052 | D:7      | 6052 ||| INVOKING Fiery Armour.
  6058 | D:7      | 6058 ||| Stepping ~*~*~tactically~*~*~ (outnumbered).
  6061 | D:7      | Reached skill level 3 in Fighting
  6061 | D:7      | 6061 ||| Stepping ~*~*~tactically~*~*~ (outnumbered).
  6062 | D:7      | 6062 ||| Stepping ~*~*~tactically~*~*~ (outnumbered).
  6063 | D:7      | 6063 ||| Stepping ~*~*~tactically~*~*~ (outnumbered).
  6064 | D:7      | 6064 ||| Stepping ~*~*~tactically~*~*~ (outnumbered).
  6067 | D:7      | 6067 ||| Stepping ~*~*~tactically~*~*~ (outnumbered).
  6069 | D:7      | 6069 ||| Stepping ~*~*~tactically~*~*~ (outnumbered).
  6132 | D:7      | Noticed Pikel
  6136 | D:7      | 6136 ||| Stepping ~*~*~tactically~*~*~ (outnumbered).
  6137 | D:7      | 6137 ||| Stepping ~*~*~tactically~*~*~ (outnumbered).
  6139 | D:7      | 6139 ||| Stepping ~*~*~tactically~*~*~ (outnumbered).
  6140 | D:7      | 6140 ||| Stepping ~*~*~tactically~*~*~ (outnumbered).
  6156 | D:7      | 6156 ||| INVOKING Fiery Armour.
  6162 | D:7      | Killed Pikel
  6163 | D:7      | Reached skill level 9 in Unarmed Combat
  6163 | D:7      | Reached XP level 9. HP: 27/83 MP: 9/9
  6185 | D:7      | 6185 ||| FLEEEEING.
  6233 | D:7      | Found Atexosh's Magic Scroll Boutique.
  6241 | D:7      | 6241 ||| BUYING scroll of enchant armour (90 gold).
  6241 | D:7      | Bought a scroll of enchant armour for 90 gold pieces
  6241 | D:7      | 6241 ||| BUYING scroll of teleportation (36 gold).
  6241 | D:7      | Bought a scroll of teleportation for 36 gold pieces
  6241 | D:7      | 6241 ||| READING scroll of enchant armour.
  6241 | D:7      | 6241 ||| ENCHANTING +1 cloak.
  6260 | D:7      | Noticed Joseph
  6261 | D:7      | 6261 ||| Stepping ~*~*~tactically~*~*~ (hiding).
  6363 | D:7      | 6363 ||| Stepping ~*~*~tactically~*~*~ (hiding).
  6479 | D:7      | 6479 ||| Stepping ~*~*~tactically~*~*~ (hiding).
  6480 | D:7      | 6480 ||| Stepping ~*~*~tactically~*~*~ (hiding).
  6488 | D:7      | Killed Joseph
  6516 | D:7      | 6516 ||| Stepping ~*~*~tactically~*~*~ (stealth).
  6517 | D:7      | 6517 ||| Stepping ~*~*~tactically~*~*~ (stealth).
  6518 | D:7      | 6518 ||| Stepping ~*~*~tactically~*~*~ (stealth).
  6682 | D:7      | 6682 ||| Stepping ~*~*~tactically~*~*~ (hiding).
  6683 | D:7      | 6683 ||| Stepping ~*~*~tactically~*~*~ (hiding).
  6689 | D:7      | Reached skill level 3 in Throwing
  6690 | D:7      | Found Icweuz's Distillery.
  6692 | D:7      | 6692 ||| FLEEEEING.
  6693 | D:7      | 6693 ||| FLEEEEING.
  6694 | D:7      | 6694 ||| FLEEEEING.
  6695 | D:7      | 6695 ||| FLEEEEING.
  6696 | D:7      | 6696 ||| FLEEEEING.
  6697 | D:7      | 6697 ||| FLEEEEING.
  6698 | D:7      | 6698 ||| FLEEEEING.
  6699 | D:7      | 6699 ||| FLEEEEING.
  6722 | D:7      | 6722 ||| BUYING potion of curing (33 gold).
  6722 | D:7      | Bought a potion of curing for 33 gold pieces
  6722 | D:7      | 6722 ||| BUYING potion of heal wounds (55 gold).
  6722 | D:7      | Bought a potion of heal wounds for 55 gold pieces
  6731 | D:7      | Found Hetitinoe's Assorted Antiques.
  6741 | D:7      | 6741 ||| BUYING lumpy dark potion (26 gold).
  6741 | D:7      | Bought a lumpy dark potion for 26 gold pieces
  6741 | D:7      | 6741 ||| SHOPLISTING potion of curing (87 gold, have 28).
  6741 | D:7      | 6741 ||| SHOPLISTING scroll of teleportation (87 gold, have
                  | 28).
  6741 | D:7      | 6741 ||| BUYING viscous puce potion (26 gold).
  6741 | D:7      | Bought a viscous puce potion for 26 gold pieces
  6795 | D:7      | Found Humismea's Magic Scroll Emporium.
  6804 | D:7      | 6804 ||| SHOPLISTING scroll of identify (28 gold, have 12).
  6804 | D:7      | 6804 ||| SHOPLISTING scroll of teleportation (42 gold, have
                  | 12).
  6814 | D:7      | Found a shadowy altar of Dithmenos.
  6815 | D:7      | Found a snail-covered altar of Cheibriados.
  6889 | D:7      | Reached skill level 1 in Dodging
  6968 | D:7      | 6968 ||| Stepping ~*~*~tactically~*~*~ (hiding).
  6978 | D:7      | 6978 ||| INVOKING Fiery Armour.
  6987 | D:7      | Reached skill level 10 in Unarmed Combat
  6995 | D:7      | 6995 ||| FLEEEEING.
  6996 | D:7      | 6996 ||| FLEEEEING.
  7011 | D:7      | 7011 ||| Stepping ~*~*~tactically~*~*~ (stealth).
  7184 | D:7      | 7184 ||| Stepping ~*~*~tactically~*~*~ (stealth).
  7186 | D:7      | 7186 ||| Stepping ~*~*~tactically~*~*~ (stealth).
  7188 | D:7      | 7188 ||| Stepping ~*~*~tactically~*~*~ (stealth).
  7190 | D:7      | 7190 ||| Stepping ~*~*~tactically~*~*~ (stealth).
  7192 | D:7      | 7192 ||| Stepping ~*~*~tactically~*~*~ (stealth).
  7195 | D:7      | 7195 ||| Stepping ~*~*~tactically~*~*~ (hiding).
  7444 | D:7      | 7444 ||| READING scroll labelled IGA CUISCHI.
  7445 | D:7      | 7445 ||| DRINKING 2 lumpy dark potions.
  7488 | D:7      | 7488 ||| DRINKING 2 viscous puce potions.
  7489 | D:7      | 7489 ||| READING 3 scrolls of identify.
  7489 | D:7      | 7489 ||| IDENTIFYING sapphire potion
  7490 | D:7      | 7490 ||| READING 2 scrolls of identify.
  7490 | D:7      | 7490 ||| IDENTIFYING inky potion
  7491 | D:7      | 7491 ||| DROPPING potion of lignification.
  7492 | D:7      | 7492 ||| DROPPING potion of degeneration.
  7631 | D:8      | 7631 ||| Stepping ~*~*~tactically~*~*~ (stealth).
  7633 | D:8      | 7633 ||| Stepping ~*~*~tactically~*~*~ (stealth).
  7641 | D:8      | 7641 ||| Stepping ~*~*~tactically~*~*~ (outnumbered).
  7643 | D:8      | 7643 ||| Stepping ~*~*~tactically~*~*~ (outnumbered).
  7644 | D:8      | 7644 ||| Stepping ~*~*~tactically~*~*~ (outnumbered).
  7645 | D:8      | 7645 ||| Stepping ~*~*~tactically~*~*~ (outnumbered).
  7646 | D:8      | 7646 ||| Stepping ~*~*~tactically~*~*~ (outnumbered).
  7647 | D:8      | 7647 ||| Stepping ~*~*~tactically~*~*~ (outnumbered).
  7648 | D:8      | 7648 ||| STAIRDANCE
  7672 | D:8      | 7672 ||| Stepping ~*~*~tactically~*~*~ (outnumbered).
  7673 | D:8      | 7673 ||| Stepping ~*~*~tactically~*~*~ (outnumbered).
  7674 | D:8      | 7674 ||| Stepping ~*~*~tactically~*~*~ (outnumbered).
  7675 | D:8      | 7675 ||| Stepping ~*~*~tactically~*~*~ (outnumbered).
  7746 | D:8      | 7746 ||| FLEEEEING.
  7747 | D:8      | 7747 ||| FLEEEEING.
  7748 | D:8      | 7748 ||| FLEEEEING.
  7749 | D:8      | 7749 ||| FLEEEEING.
  7750 | D:8      | 7750 ||| FLEEEEING.
  7751 | D:8      | 7751 ||| FLEEEEING.
  7752 | D:8      | 7752 ||| FLEEEEING.
  7753 | D:8      | 7753 ||| FLEEEEING.
  7754 | D:8      | 7754 ||| FLEEEEING.
  7755 | D:8      | 7755 ||| FLEEEEING.
  7756 | D:8      | 7756 ||| FLEEEEING.
  7757 | D:8      | 7757 ||| INVOKING Fiery Armour.
  7758 | D:8      | 7758 ||| FLEEEEING.
  7764 | D:8      | 7764 ||| FLEEEEING.
  7765 | D:8      | 7765 ||| FLEEEEING.
  7774 | D:8      | 7774 ||| FLEEEEING.
  7775 | D:8      | 7775 ||| FLEEEEING.
  7779 | D:8      | 7779 ||| Stepping ~*~*~tactically~*~*~ (hiding).
  7782 | D:8      | 7782 ||| Stepping ~*~*~tactically~*~*~ (hiding).
  7783 | D:8      | 7783 ||| Stepping ~*~*~tactically~*~*~ (hiding).
  7784 | D:8      | 7784 ||| Stepping ~*~*~tactically~*~*~ (hiding).
  7788 | D:8      | 7788 ||| Stepping ~*~*~tactically~*~*~ (outnumbered).
  7794 | D:8      | 7794 ||| Stepping ~*~*~tactically~*~*~ (outnumbered).
  7797 | D:8      | Noticed Erica
  7815 | D:8      | HP: 14/84 [Erica/bolt of poison (10)]
  7816 | D:8      | 7816 ||| READING 5 scrolls of teleportation.
  7817 | D:8      | 7817 ||| DRINKING 2 potions of heal wounds.
  7818 | D:8      | Killed Erica
  7819 | D:8      | Reached XP level 10. HP: 39/92 MP: 10/10
  7819 | D:8      | 7819 ||| FLEEEEING.
  7820 | D:8      | 7820 ||| FLEEEEING.
  7892 | D:8      | Found a runed translucent gate.
  7892 | D:8      | Found a runed translucent gate.
  7892 | D:8      | Found a runed translucent gate.
  7892 | D:8      | Noticed qw's ghost (novice TrCA)
  7895 | D:8      | 7895 ||| READING 4 scrolls of teleportation.
  7935 | D:8      | Reached skill level 11 in Unarmed Combat
  8111 | D:8      | Found a stormy altar of Qazlal.
  8111 | D:8      | Found a shimmering blue altar of Sif Muna.
  8113 | D:8      | 8113 ||| READING 3 scrolls of teleportation.
  8194 | D:8      | 8194 ||| READING 2 scrolls of teleportation.
  8349 | D:8      | 8349 ||| FLEEEEING.
  8350 | D:8      | 8350 ||| FLEEEEING.
  8583 | D:8      | 8583 ||| READING scroll of teleportation.
  8612 | D:8      | 8612 ||| Stepping randomly (stuck).
  8614 | D:8      | 8614 ||| Stepping randomly (stuck).
  8614 | D:8      | Found a basalt altar of Yredelemnul.
  8615 | D:8      | 8615 ||| Stepping ~*~*~tactically~*~*~ (stealth).
  8616 | D:8      | 8616 ||| Stepping randomly (stuck).
  8618 | D:8      | 8618 ||| Stepping randomly (stuck).
  8619 | D:8      | 8619 ||| Stepping randomly (stuck).
  8621 | D:8      | 8621 ||| Stepping randomly (stuck).
  8622 | D:8      | 8622 ||| Stepping ~*~*~tactically~*~*~ (stealth).
  8623 | D:8      | 8623 ||| Stepping randomly (stuck).
  8652 | D:8      | 8652 ||| Stepping randomly (stuck).
  8752 | D:9      | 8752 ||| Stepping ~*~*~tactically~*~*~ (stealth).
  8753 | D:9      | 8753 ||| Stepping ~*~*~tactically~*~*~ (stealth).
  8755 | D:9      | 8755 ||| Stepping ~*~*~tactically~*~*~ (stealth).
  8792 | D:9      | 8792 ||| INVOKING Fiery Armour.
  8795 | D:9      | 8795 ||| Stepping ~*~*~tactically~*~*~ (outnumbered).
  8796 | D:9      | 8796 ||| Stepping ~*~*~tactically~*~*~ (outnumbered).
  8798 | D:9      | 8798 ||| Stepping ~*~*~tactically~*~*~ (stealth).
  8802 | D:9      | 8802 ||| Stepping ~*~*~tactically~*~*~ (outnumbered).
  8803 | D:9      | 8803 ||| Stepping ~*~*~tactically~*~*~ (outnumbered).
  8804 | D:9      | 8804 ||| Stepping ~*~*~tactically~*~*~ (outnumbered).
  8825 | D:9      | 8825 ||| Stepping ~*~*~tactically~*~*~ (stealth).
  8827 | D:9      | 8827 ||| Stepping ~*~*~tactically~*~*~ (stealth).
  8831 | D:9      | 8831 ||| Stepping ~*~*~tactically~*~*~ (stealth).
  8841 | D:9      | Identified the +3 flail "Paetah" {elec, rN+ Str+3}
  8852 | D:9      | Found a transporter.
  8859 | D:9      | Noticed a toenail golem
  8859 | D:9      | Noticed a hell hog
  8864 | D:9      | Noticed a toenail golem
  8865 | D:9      | Noticed a toenail golem
  8869 | D:9      | Found a one-way gate to the infinite horrors of the Abyss.
  8983 | D:9      | 8983 ||| Stepping ~*~*~tactically~*~*~ (stealth).
  8984 | D:9      | 8984 ||| Stepping ~*~*~tactically~*~*~ (hiding).
  8985 | D:9      | 8985 ||| Stepping ~*~*~tactically~*~*~ (hiding).
  9014 | D:9      | Noticed a thrashing horror
  9015 | D:9      | Noticed a toenail golem
  9016 | D:9      | Noticed qw's ghost (novice TrCA)
  9020 | D:9      | Found a transporter.
  9111 | D:9      | Found a staircase to the Lair.
  9388 | D:9      | 9388 ||| Stepping ~*~*~tactically~*~*~ (stealth).
  9390 | D:9      | 9390 ||| Stepping ~*~*~tactically~*~*~ (stealth).
  9443 | D:9      | 9443 ||| PLANNING LAIR
  9443 | D:9      | 9443 ||| READING 2 scrolls of identify.
  9443 | D:9      | 9443 ||| IDENTIFYING green potion
  9444 | D:9      | 9444 ||| DROPPING potion of attraction.
  9502 | Lair:1   | Entered Level 1 of the Lair of Beasts
  9502 | Lair:1   | Noticed a six-headed hydra
  9503 | Lair:1   | 9503 ||| INVOKING Fiery Armour.
  9509 | Lair:1   | Killed a seven-headed hydra
  9510 | Lair:1   | Reached skill level 9 in Shields
  9535 | Lair:1   | Noticed a cane toad
  9537 | Lair:1   | Noticed a cane toad
  9543 | Lair:1   | Killed a cane toad
  9546 | Lair:1   | Killed a cane toad
  9561 | Lair:1   | Noticed a cane toad
  9567 | Lair:1   | Killed a cane toad
  9608 | Lair:1   | Reached skill level 12 in Unarmed Combat
  9613 | Lair:1   | 9613 ||| INVOKING Fiery Armour.
  9619 | Lair:1   | Reached XP level 11. HP: 82/101 MP: 11/11
  9682 | Lair:1   | 9682 ||| Stepping ~*~*~tactically~*~*~ (outnumbered).
  9683 | Lair:1   | 9683 ||| Stepping ~*~*~tactically~*~*~ (outnumbered).
  9684 | Lair:1   | 9684 ||| Stepping ~*~*~tactically~*~*~ (outnumbered).
  9685 | Lair:1   | 9685 ||| Stepping ~*~*~tactically~*~*~ (outnumbered).
  9696 | Lair:1   | HP: 24/104 [cane toad (4)]
  9697 | Lair:1   | 9697 ||| DRINKING potion of heal wounds.
  9958 | Lair:1   | Noticed a five-headed hydra
  9959 | Lair:1   | 9959 ||| INVOKING Fiery Armour.
  9965 | Lair:1   | Killed a seven-headed hydra
  9966 | Lair:1   | Reached skill level 13 in Unarmed Combat
  9979 | Lair:1   | 9979 ||| Stepping ~*~*~tactically~*~*~ (stealth).
  9983 | Lair:1   | 9983 ||| DRINKING potion of cancellation.
 10001 | Lair:1   | Reached skill level 1 in Armour
 10182 | Lair:1   | Noticed a boulder beetle
 10183 | Lair:1   | 10183 ||| INVOKING Fiery Armour.
 10195 | Lair:1   | Killed a boulder beetle
 10276 | Lair:1   | 10276 ||| Stepping ~*~*~tactically~*~*~ (outnumbered).
 10492 | Lair:1   | 10492 ||| UPGRADING to ring of protection from fire.
 10494 | Lair:1   | 10494 ||| READING scroll labelled DYIS NAJEVOPAA.
 10495 | Lair:1   | 10495 ||| READING scroll labelled MAROYL KECATUR.
 10496 | Lair:1   | 10496 ||| READING 3 scrolls of identify.
 10496 | Lair:1   | 10496 ||| IDENTIFYING ruby potion
 10497 | Lair:1   | 10497 ||| DROPPING potion of ambrosia.
 10522 | Lair:2   | 10522 ||| Stepping ~*~*~tactically~*~*~ (stealth).
 10523 | Lair:2   | Found a staircase to the Shoals.
 10530 | Lair:2   | 10530 ||| Stepping ~*~*~tactically~*~*~ (stealth).
 10531 | Lair:2   | 10531 ||| Stepping ~*~*~tactically~*~*~ (stealth).
 10532 | Lair:2   | 10532 ||| Stepping ~*~*~tactically~*~*~ (stealth).
 10533 | Lair:2   | 10533 ||| Stepping ~*~*~tactically~*~*~ (stealth).
 10542 | Lair:2   | 10542 ||| INVOKING Fiery Armour.
 10649 | Lair:2   | Identified the +1 leather armour of the Kettle-Drum {-Tele
                  | +Inv rCorr Dex+4}
 10662 | Lair:2   | Found a transporter.
 10669 | Lair:2   | 10669 ||| Stepping ~*~*~tactically~*~*~ (stealth).
 10683 | Lair:2   | Reached skill level 14 in Unarmed Combat
 10862 | Lair:2   | 10862 ||| Stepping ~*~*~tactically~*~*~ (hiding).
 10963 | Lair:2   | Found a staircase to the Snake Pit.
 10964 | Lair:2   | 10964 ||| Stepping ~*~*~tactically~*~*~ (hiding).
 11066 | Lair:2   | 11066 ||| Stepping ~*~*~tactically~*~*~ (hiding).
 11168 | Lair:2   | 11168 ||| Stepping ~*~*~tactically~*~*~ (hiding).
 11186 | Lair:2   | 11186 ||| Stepping ~*~*~tactically~*~*~ (hiding).
 11287 | Lair:2   | Reached skill level 6 in Fighting
 11338 | Lair:2   | Noticed qw's ghost (journeyman TeWr)
 11340 | Lair:2   | Noticed a boulder beetle
 11344 | Lair:2   | Found a transporter.
 11363 | Lair:2   | 11363 ||| Stepping ~*~*~tactically~*~*~ (outnumbered).
 11364 | Lair:2   | 11364 ||| Stepping ~*~*~tactically~*~*~ (outnumbered).
 11365 | Lair:2   | 11365 ||| Stepping ~*~*~tactically~*~*~ (outnumbered).
 11366 | Lair:2   | 11366 ||| Stepping ~*~*~tactically~*~*~ (outnumbered).
 11367 | Lair:2   | 11367 ||| Stepping ~*~*~tactically~*~*~ (outnumbered).
 11368 | Lair:2   | 11368 ||| Stepping ~*~*~tactically~*~*~ (outnumbered).
 11369 | Lair:2   | 11369 ||| Stepping ~*~*~tactically~*~*~ (outnumbered).
 11375 | Lair:2   | 11375 ||| INVOKING Fiery Armour.
 11381 | Lair:2   | Reached XP level 12. HP: 36/114 MP: 12/12
 11385 | Lair:2   | HP: 27/114 [elephant (9)]
 11386 | Lair:2   | 11386 ||| DRINKING 3 potions of heal wounds.
 11587 | Lair:2   | 11587 ||| READING scroll labelled HAEGHU FOHOFENK.
 11620 | Lair:3   | 11620 ||| Stepping ~*~*~tactically~*~*~ (hiding).
 11630 | Lair:3   | 11630 ||| Stepping ~*~*~tactically~*~*~ (stealth).
 11633 | Lair:3   | 11633 ||| Stepping ~*~*~tactically~*~*~ (stealth).
 11641 | Lair:3   | 11641 ||| Stepping ~*~*~tactically~*~*~ (stealth).
 11643 | Lair:3   | 11643 ||| Stepping ~*~*~tactically~*~*~ (stealth).
 11695 | Lair:3   | Noticed a four-headed hydra
 11696 | Lair:3   | 11696 ||| Stepping ~*~*~tactically~*~*~ (stealth).
 11698 | Lair:3   | 11698 ||| INVOKING Fiery Armour.
 11699 | Lair:3   | 11699 ||| Stepping ~*~*~tactically~*~*~ (stealth).
 11701 | Lair:3   | 11701 ||| Stepping ~*~*~tactically~*~*~ (stealth).
 11703 | Lair:3   | 11703 ||| Stepping ~*~*~tactically~*~*~ (stealth).
 11705 | Lair:3   | 11705 ||| Stepping ~*~*~tactically~*~*~ (stealth).
 11710 | Lair:3   | Killed a six-headed hydra
 11711 | Lair:3   | Reached skill level 15 in Unarmed Combat
 11768 | Lair:3   | 11768 ||| Stepping ~*~*~tactically~*~*~ (stealth).
 11780 | Lair:3   | 11780 ||| Stepping ~*~*~tactically~*~*~ (stealth).
 11853 | Lair:3   | 11853 ||| Stepping ~*~*~tactically~*~*~ (stealth).
 12078 | Lair:3   | 12078 ||| PLANNING TEMPLE
 12078 | Lair:3   | 12078 ||| READING 2 scrolls of identify.
 12078 | Lair:3   | 12078 ||| IDENTIFYING metallic inky potion
 12079 | Lair:3   | 12079 ||| DROPPING potion of invisibility.
 12235 | Temple   | Entered the Ecumenical Temple
 12236 | Temple   | 12236 ||| PLANNING CONVERSION TO OKAWARU
 12243 | Temple   | Fell from the grace of Ignis
 12243 | Temple   | Became a worshipper of Warmaster Okawaru
 12244 | Temple   | 12244 ||| PLANNING LAIR
 12299 | D:5      | 12299 ||| Stepping ~*~*~tactically~*~*~ (stealth).
 12417 | Lair:3   | Noticed a death yak
 12417 | Lair:3   | Noticed a death yak
 12417 | Lair:3   | Noticed a death yak
 12417 | Lair:3   | Noticed a death yak
 12417 | Lair:3   | Noticed a death yak
 12417 | Lair:3   | Noticed a death yak
 12418 | Lair:3   | 12418 ||| STAIRDANCE
 12420 | Lair:2   | 12420 ||| Stepping ~*~*~tactically~*~*~ (outnumbered).
 12421 | Lair:2   | 12421 ||| Stepping ~*~*~tactically~*~*~ (outnumbered).
 12422 | Lair:2   | 12422 ||| Stepping ~*~*~tactically~*~*~ (outnumbered).
 12423 | Lair:2   | 12423 ||| Stepping ~*~*~tactically~*~*~ (outnumbered).
 12424 | Lair:2   | 12424 ||| Stepping ~*~*~tactically~*~*~ (outnumbered).
 12430 | Lair:2   | HP: 16/114 [death yak (21)]
 12431 | Lair:2   | 12431 ||| READING scroll of teleportation.
 12431 | Lair:2   | HP: 3/114 [death yak (14)]
 12431 | Lair:2   | Slain by a death yak

Levels and vault maps discovered:
D:1:      spicycebolla_arrival_ecumenical, layout_loops_ring, serial_shops,
          nicolae_diamond_shop
D:2:      kennysheep_the_goblin_king, layout_basic, basic_altar, st_stairs_1
D:3:      layout_loops_ring, lemuel_doored_altar, nicolae_wu_jian_wuxing_cycle,
          serial_shops, shop
D:4:      layout_loops_corners, nicolae_vehumet_altar_sigil,
          minmay_temple_entry_waves
D:5:      layout_loops_ring, gup_sewer_entry_bubbles, gammafunk_ghost_stat_death
D:6:      layout_rooms, kennysheep_mini, mainiacjoe_overflow_small_starburst,
          dk_noncrumbling_2
D:7:      layout_cave_pods, minitemple, serial_shops, shop, shop,
          nicolae_stop_n_shop_2, shop, uniq_joseph, uniq_pikel
D:8:      layout_basic, nicolae_yredelemnul_ghost_church, jmf_multi_god_temple,
          uniq_erica
D:9:      layout_basic, lair_entry_dummy, gammafunk_ghost_abyssal_escape
Temple:   nicolae_temple_two_arcs
Lair:1:   layout_regular_city
Lair:2:   layout_misc_corridors, shoals_dummy_entry,
          guppyfry_snake_entry_garden, nzn_ghost_randoct,
          chequers_serial_rivers_room_b, serial_bayou_shore_a
Lair:3:   layout_roguey, nzn_sisyphean_effort, serial_bayou_shore_b

Skill      XL: |  1  2  3  4  5  6  7  8  9 10 11 12 |
---------------+-------------------------------------+-----
Unarmed Combat | 4 5 6 7 9 10 12 14 15 | 15.0
Shields        | 3 6 8 9 10 | 10.9
Fighting       | 3 4 6 |  6.1
Throwing       | 3 |  3.8
Dodging        | 1 |  1.2
Armour         | 1 |  1.4
Spellcasting   | |  1.0
Fire Magic     | |  2.1

Action                   |  1- 3 |  4- 6 |  7- 9 | 10-12 || total
-------------------------+-------+-------+-------+-------++-------
Melee: Unarmed           |   101 |   121 |   305 |   306 ||   833
       Punch             |     2 |     3 |       |       ||     5
Throw: Boomerang         |       |       |    24 |    53 ||    77
       Large rock        |       |       |    10 |    10 ||    20
Invok: Fiery Armour      |       |     1 |     4 |     8 ||    13
  Use: Scroll            |     4 |     9 |     7 |    11 ||    31
       Potion            |     1 |     5 |     3 |     3 ||    12
 Stab: Sleeping          |       |     1 |       |       ||     1
Armor: Robe              |    35 |    37 |    95 |    85 ||   252
Dodge: Dodged            |    27 |    28 |    95 |    76 ||   226
Block: Kite shield       |       |     8 |    96 |    99 ||   203

Table legend:
 A = Non-vault XP
 B = Vault XP
 C = Vault XP percentage of total XP
 D = Non-vault monster count
 E = Vault monster count
 F = Vault count percentage of total count
                 A         B        C        D         E       F
            +---------+---------+-------+---------+---------+-------
      Total |   25490 |    2985 |  10.5 |     250 |      28 |  10.1
            +---------+---------+-------+---------+---------+-------
        D:1 |      14 |       0 |   0.0 |      10 |       0 |   0.0
        D:2 |      53 |      80 |  60.2 |      22 |      10 |  31.2
        D:3 |      18 |       0 |   0.0 |      10 |       0 |   0.0
        D:4 |     271 |       0 |   0.0 |      22 |       0 |   0.0
        D:5 |     850 |      24 |   2.7 |      19 |       7 |  26.9
        D:6 |     770 |       0 |   0.0 |      16 |       0 |   0.0
        D:7 |    1834 |    1030 |  36.0 |      44 |       2 |   4.3
        D:8 |     862 |    1197 |  58.1 |      20 |       5 |  20.0
        D:9 |     666 |       0 |   0.0 |      22 |       0 |   0.0
     Lair:1 |   10129 |       0 |   0.0 |      33 |       0 |   0.0
     Lair:2 |    4893 |     654 |  11.8 |      15 |       4 |  21.1
     Lair:3 |    5130 |       0 |   0.0 |      17 |       0 |   0.0
            +---------+---------+-------+---------+---------+-------
